 Dungeon Crawl Stone Soup version 0.29.1-4-g47bece8355 (webtiles) character file.

Game seed: 5687486779816933488

11924 venomsnake the Cleaver (level 11, -8/153 HPs)
             Began as a Minotaur Berserker on Dec 10, 2022.
             Was an Elder of Trog.
             Mangled by an ice dragon (10 damage)
             ... on level 11 of the Dungeon.
             The game lasted 00:37:04 (13706 turns).

venomsnake the Cleaver (Minotaur Berserker)        Turns: 13706, Time: 00:37:04

Health: -8/153     AC: 16    Str: 31    XL:     11   Next: 55%
Magic:  10/10      EV: 11    Int:  4    God:    Trog [****..]
Gold:   783        SH:  0    Dex: 11    Spells: 10/10 levels left

rFire   . . .      SeeInvis .   u - +1 battleaxe (freeze)
rCold   . . .      Faith    .   (shield currently unavailable)
rNeg    . . .      Spirit   .   i - +0 plate armour
rPois   .          Reflect  .   (helmet restricted)
rElec   .          Harm     .   (no cloak)
rCorr   .          Rampage  .   (no gloves)
Will    .....                   G - +0 pair of boots
Stlth   ..........              (no amulet)
HPRegen 0.35/turn               B - +6 ring of strength
MPRegen 0.12/turn               k - +4 ring of slaying

@: berserking, studying Axes, very quick
A: horns 2, retaliatory headbutt
a: Renounce Religion, Berserk, Trog's Hand, Brothers in Arms


You were on level 11 of the Dungeon.
You worshipped Trog.
Trog was greatly pleased with you.
You visited 1 branch of the dungeon, and saw 11 of its levels.

You collected 783 gold pieces.

Inventory:

Hand Weapons
 t - a +0 war axe of freezing
 u - a +1 battleaxe of freezing (weapon)
Missiles
 h - 107 stones (quivered)
Armour
 i - a +0 plate armour (worn)
 G - a +0 pair of boots (worn)
Jewellery
 b - a +6 ring of dexterity
 k - a +4 ring of slaying (right hand)
 x - a ring of see invisible
 B - a +6 ring of strength (left hand)
Wands
 g - a wand of charming (9)
 q - a wand of polymorph (19)
 H - a wand of flame (6)
Scrolls
 a - a scroll of summoning {unknown}
 l - 3 scrolls of enchant weapon {unknown}
 m - a scroll of brand weapon
 o - 2 scrolls of amnesia {unknown}
 r - 2 scrolls of blinking {unknown}
 s - 2 scrolls of noise {unknown}
 v - a scroll of torment {unknown}
 w - 3 scrolls of teleportation
 y - a scroll of fear {unknown}
 C - 3 scrolls of immolation {unknown}
 D - a scroll of poison {unknown}
 E - 3 scrolls of identify
 F - 2 scrolls of magic mapping {unknown}
 J - a scroll of enchant armour {unknown}
Potions
 c - 4 potions of flight
 d - 2 potions of mutation {unknown}
 e - 10 potions of curing
 f - 2 potions of degeneration {unknown}
 j - a potion of berserk rage {unknown}
 n - 4 potions of haste
 p - 2 potions of lignification {unknown}
 z - a potion of cancellation {unknown}
 A - 2 potions of attraction {unknown}
 I - a potion of heal wounds {unknown}
 K - a potion of brilliance {unknown}
 L - a potion of resistance {unknown}


   Skills:
 + Level 11.2 Fighting
 + Level 12.4 Axes
 + Level 10.9 Armour
 + Level 10.0 Dodging
 + Level 6.4 Shields


You had 10 spell levels left.
You didn't know any spells.
Your spell library was empty.

Dungeon Overview and Level Annotations

Branches:
Dungeon (11/15)            Temple (0/1) D:4            Lair (0/5) D:10
    Orc (0/2) D:9

Altars:
Ashenzari
Cheibriados
Kikubaaqudgha
Makhleb
Okawaru
Ru
Trog
Uskayaw
Xom
Zin

Annotations:
D:3 3 runed translucent doors, fishmans's ghost, amateur GrFi; sigtrap's ghost, amateur GnBr
D:7 3 runed translucent doors, Jingleheimer's ghost, novice HOGl; croobank's ghost, novice OpSu; warriortoast's ghost, novice SpHu


Innate Abilities, Weirdness & Mutations

You have a pair of horns on your head.
You reflexively headbutt those who attack you in melee.


Message History

The ice dragon is moderately wounded.
The ice dragon closely misses you. x2
The ice dragon tramples you but does no damage.
You slash the ice dragon! You headbutt the ice dragon.
The ice dragon is heavily wounded.
The ice dragon breathes frost at you. The blast of cold hits you!!
You hit the ice dragon but do no damage.
The ice dragon is heavily wounded.
The ice dragon closely misses you. The ice dragon claws you!
* * * LOW HITPOINT WARNING * * *
The ice dragon tramples you.
* * * LOW HITPOINT WARNING * * *
You stumble backwards!
You slash the ice dragon!
The ice dragon is heavily wounded.
The ice dragon bites you.
* * * LOW HITPOINT WARNING * * *
The ice dragon claws you but does no damage.
The ice dragon barely misses you.
A red film seems to cover your vision as you go berserk!
You feel yourself moving faster!
You feel mighty! The ice dragon bites you.
* * * LOW HITPOINT WARNING * * *
The ice dragon claws you.
* * * LOW HITPOINT WARNING * * *
The ice dragon tramples you but does no damage.
You slash the ice dragon! Your headbutt misses the ice dragon.
The ice dragon is heavily wounded.
The ice dragon bites you but does no damage.
The ice dragon claws you but does no damage.
The ice dragon tramples you!
* * * LOW HITPOINT WARNING * * *
You stumble backwards!
You slash the ice dragon! You freeze the ice dragon.
Your headbutt misses the ice dragon.
The ice dragon is severely wounded.
You barely miss the ice dragon.
The ice dragon is severely wounded.
The ice dragon barely misses you. The ice dragon claws you!
You die...

.....................
......
.....................
......
.###########..#######
###### ..### #..# ....#
#..#
###.########..##########
####### .
#.....................
.......
D.#.....................
.......
..#............D@.......
.......
....####################
####### ..#.#
..#.########## ##### .
#[.......... .....
###........... .....
.....D........ .....
####..######## #####
#..#


You could see an ice dragon.

Vanquished Creatures
  Josephine (D:11)
  3 hydras
  2 two-headed ogres
  A manticore (D:11)
  A gargoyle (D:10)
  An unseen horror (D:10)
  A hornet (D:10)
  Grinder (D:3)
  3 slime creatures
  Sigmund (D:3)
  A centaur simulacrum (D:11)
  4 wraiths
  A water moccasin (D:6)
  Duvessa (D:4)
  3 ice beasts
  3 orc warriors
  A sky beast (D:7)
  2 black bears (D:7)
  3 centaurs
  3 ogres
  2 phantoms
  5 kobold brigands
  3 necrophages
  2 gnoll sergeants
  3 bullfrogs (D:8)
  3 scorpions
  19 wights
  Dowan (D:4)
  15 killer bees
  4 howler monkeys
  4 jellies
  A hound (D:6)
  4 orc priests
  Jessica (D:3)
  10 orc wizards
  Natasha (D:3)
  4 iguanas
  16 gnolls
  9 adders
  A shadow imp (D:7)
  An ufetubus (D:7)
  3 dart slugs
  26 orcs
  4 endoplasms
  7 giant cockroaches
  8 hobgoblins
  27 kobolds
  A quokka (D:4)
  5 ball pythons
  2 bats
  3 frilled lizards
  7 goblins
  10 rats
249 creatures vanquished.

Notes
Turn   | Place    | Note
-------+----------+-------------------------------------------
     0 | D:1      | venomsnake the Minotaur Berserker began the quest for the
                  | Orb.
     0 | D:1      | Reached XP level 1. HP: 19/19 MP: 0/0
   358 | D:1      | Reached XP level 2. HP: 18/27 MP: 1/1
  1058 | D:2      | Reached skill level 4 in Axes
  1058 | D:2      | Reached XP level 3. HP: 26/33 MP: 2/2
  1466 | D:2      | Reached ** piety under Trog
  1858 | D:3      | Found a faded altar of an unknown god.
  1896 | D:3      | Noticed Jessica
  1906 | D:3      | Killed Jessica
  1907 | D:3      | Reached XP level 4. HP: 40/40 MP: 3/3
  1978 | D:3      | Noticed Grinder
  2052 | D:3      | Paralysed by Grinder for 4 turns
  2064 | D:3      | Paralysed by Grinder for 5 turns
  2069 | D:3      | Killed Grinder
  2070 | D:3      | Reached skill level 5 in Fighting
  2070 | D:3      | Reached skill level 5 in Axes
  2070 | D:3      | Reached XP level 5. HP: 17/48 MP: 4/4
  2285 | D:3      | Reached XP level 6. HP: 56/56 MP: 5/5
  2620 | D:3      | Found a runed translucent gate.
  2620 | D:3      | Found a runed translucent gate.
  2620 | D:3      | Found a runed translucent gate.
  2622 | D:3      | Noticed fishmans's ghost (amateur GrFi)
  2622 | D:3      | Noticed sigtrap's ghost (amateur GnBr)
  2657 | D:3      | Noticed Sigmund
  2670 | D:3      | Killed Sigmund
  2729 | D:3      | Noticed Natasha
  2738 | D:3      | Killed Natasha
  3199 | D:4      | Found a bloodstained altar of Trog.
  3233 | D:4      | Found a snail-covered altar of Cheibriados.
  3286 | D:4      | Reached skill level 5 in Armour
  3343 | D:4      | Reached XP level 7. HP: 62/62 MP: 6/6
  3428 | D:4      | Found an iron altar of Okawaru.
  3528 | D:4      | Noticed Duvessa
  3528 | D:4      | Noticed Dowan
  3535 | D:4      | Killed Duvessa
  3537 | D:4      | Killed Dowan
  3538 | D:4      | Reached skill level 6 in Axes
  3589 | D:4      | Found a staircase to the Ecumenical Temple.
  3665 | D:4      | Found an ancient bone altar of Kikubaaqudgha.
  3780 | D:5      | Entered Level 5 of the Dungeon
  3793 | D:5      | Reached skill level 5 in Dodging
  4099 | D:5      | Found a shimmering altar of Xom.
  4184 | D:5      | Found a glowing silver altar of Zin.
  4234 | D:5      | Reached *** piety under Trog
  4349 | D:5      | Reached XP level 8. HP: 67/71 MP: 7/7
  4407 | D:5      | HP: 5/102 [wight/+0 halberd (1)]
  4408 | D:5      | HP: 1/103 [wight/+0 halberd (4)]
  4414 | D:5      | Reached skill level 7 in Axes
  5223 | D:5      | Found a sacrificial altar of Ru.
  5279 | D:5      | Found a burning altar of Makhleb.
  5797 | D:6      | Found a broken altar of Ashenzari.
  5814 | D:6      | Reached XP level 9. HP: 63/81 MP: 8/8
  5818 | D:6      | Reached skill level 8 in Axes
  6783 | D:7      | Found a hide-covered altar of Uskayaw.
  6783 | D:7      | Noticed a +0 spear
  6783 | D:7      | Noticed a +0 short sword
  6784 | D:7      | Noticed a +0 falchion
  6784 | D:7      | Noticed a +0 falchion
  6785 | D:7      | Noticed a +0 dagger
  6786 | D:7      | Noticed a +0 short sword
  6787 | D:7      | Noticed a +0 spear
  6788 | D:7      | Noticed a +0 dagger
  7045 | D:7      | Found a runed translucent gate.
  7046 | D:7      | Found a runed translucent gate.
  7046 | D:7      | Found a runed translucent gate.
  7048 | D:7      | Noticed warriortoast's ghost (novice SpHu)
  7048 | D:7      | Noticed croobank's ghost (novice OpSu)
  7048 | D:7      | Noticed Jingleheimer's ghost (novice HOGl)
  7107 | D:7      | Reached **** piety under Trog
  7303 | D:7      | Reached skill level 9 in Axes
  7577 | D:7      | Reached skill level 1 in Shields
  8535 | D:8      | Reached XP level 10. HP: 91/91 MP: 9/9
  8733 | D:8      | Noticed a two-headed ogre
  8749 | D:8      | Killed a two-headed ogre
  9670 | D:9      | Noticed a two-headed ogre
  9687 | D:9      | Killed a two-headed ogre
  9688 | D:9      | Reached skill level 10 in Fighting
  9688 | D:9      | Reached skill level 10 in Axes
  9980 | D:9      | Found a staircase to the Orcish Mines.
 10113 | D:9      | Reached skill level 10 in Armour
 10575 | D:10     | Entered Level 10 of the Dungeon
 10600 | D:10     | Found a staircase to the Lair.
 10645 | D:10     | Reached ***** piety under Trog
 10984 | D:10     | Reached skill level 11 in Axes
 11491 | D:10     | Noticed a gargoyle
 11497 | D:10     | Killed a gargoyle
 11498 | D:10     | Reached skill level 5 in Shields
 11498 | D:10     | Reached XP level 11. HP: 51/101 MP: 10/10
 11841 | D:11     | Noticed a five-headed hydra
 11848 | D:11     | HP: 3/101 [four-headed hydra (9)]
 11849 | D:11     | Killed a three-headed hydra
 12253 | D:11     | Noticed Josephine
 12335 | D:11     | Killed Josephine
 12491 | D:11     | Noticed an ice dragon
 12491 | D:11     | Noticed a five-headed hydra
 12491 | D:11     | Noticed an eight-headed hydra
 12519 | D:10     | Killed a five-headed hydra
 12520 | D:10     | Reached skill level 12 in Axes
 13345 | D:11     | Noticed a six-headed hydra
 13351 | D:10     | Killed a nine-headed hydra
 13352 | D:10     | Reached skill level 10 in Dodging
 13704 | D:11     | HP: 2/153 [ice dragon (10)]
 13706 | D:11     | Mangled by an ice dragon

Illustrated notes

Levels and vault maps discovered:
D:1:      dpeg_cavernosity, layout_rooms
D:2:      layout_basic, nrook_uturn
D:3:      layout_loops_corners, gammafunk_ghost_cemetery,
          nicolae_ecumenical_oubliette, corexii_hall_statues_x, uniq_sigmund,
          uniq_natasha, uniq_grinder, uniq_jessica
D:4:      layout_basic, kennysheep_mini_moat, bloody_trog,
          general_overflow_altar, mainiacjoe_overflow_surrounded_room,
          minmay_temple_entry_water_ring, minmay_cut_off, uniq_duvessa
D:5:      layout_cave_pods, mainiacjoe_overflow_paths,
          lemuel_coloured_pillars_altar, zin_treasury,
          mainiacjoe_overflow_small_starburst, st_stairs_10
D:6:      layout_rooms, ashenzari_altar_1, serial_corexii_hall,
          corexii_hall_statues_l, corexii_hall_statues_s,
          corexii_hall_statues_i, corexii_hall_statues_x,
          corexii_hall_statues_l, chequers_hall_statues_corner_a,
          nrook_mini_backslash
D:7:      layout_basic, nicolae_uskayaw_en_pointe, gammafunk_ghost_cemetery,
          hangedman_decor_slide_cut
D:8:      layout_loops_ring, st_stairs_12, minmay_manual_macuahuitl
D:9:      layout_cave_pools, orc_0_dummy, enter_bailey_4
D:10:     layout_roguey, lair_entry_dummy
D:11:     layout_long_grid, minivault_28, uniq_josephine

Skill      XL: |  1  2  3  4  5  6  7  8  9 10 11 |
---------------+----------------------------------+-----
Fighting       | 4 5 6 7 9 10 11 | 11.2
Axes           | 4 5 6 7 9 11 12 | 12.4
Armour         | 3 4 5 6 7 8 10 | 10.9
Dodging        | 3 4 5 6 8 9 10 | 10.0
Shields        | 1 5 6 |  6.4

Action                   |  1- 3 |  4- 6 |  7- 9 | 10-12 || total
-------------------------+-------+-------+-------+-------++-------
Melee: Hand axe          |    66 |    69 |    34 |       ||   169
       Headbutt          |    11 |    11 |    35 |    29 ||    86
       War axe           |       |       |    33 |       ||    33
       Punch             |       |       |     1 |       ||     1
       Battleaxe         |       |       |   120 |   193 ||   313
Throw: Stone             |       |       |       |     4 ||     4
Invok: Trog's Hand       |       |     1 |       |       ||     1
       Berserk           |       |       |     2 |     1 ||     3
  Use: Scroll            |       |       |     3 |     5 ||     8
Armor: Ring mail         |     8 |       |       |       ||     8
       Animal skin       |     1 |       |       |       ||     1
       Scale mail        |     3 |       |       |       ||     3
       Plate armour      |     9 |    33 |   107 |   170 ||   319
Dodge: Dodged            |    32 |    17 |    91 |   147 ||   287
